 Dungeon Crawl Stone Soup version 0.26.1-2-gb8aa6d0cf2 (webtiles) character file.

Game seed: 10061324481200928369

56 Bruh the Chopper (level 3, -1/33 HPs)
             Began as a Minotaur Berserker on Feb 28, 2021.
             Was a Believer of Trog.
             Slain by a hobgoblin (7 damage)
             ... led by Robin
             ... on level 2 of the Dungeon.
             The game lasted 00:02:06 (2064 turns).

Bruh the Chopper (Minotaur Berserker)               Turns: 2064, Time: 00:02:07

Health: -1/33      AC:  2    Str: 22    XL:     3   Next: 71%
Magic:  2/2        EV: 12    Int:  4    God:    Trog [**....]
Gold:   76         SH:  0    Dex:  9    Spells: 2/2 levels left

rFire    . . .     SeeInvis .   a - +0 hand axe
rCold    . . .     Faith    .   (no shield)
rNeg     . . .     Spirit   .   b - +0 animal skin
rPois    .         Reflect  .   (helmet restricted)
rElec    .         Harm     .   (no cloak)
rCorr    .         Rampage  .   (no gloves)
Will     .....                  (no boots)
Stlth    +.........             (no amulet)
HPRegen  0.11/turn              (no ring)
MPRegen  0.08/turn              (no ring)

@: no status effects
A: retaliatory headbutt, horns 2
a: Renounce Religion, Berserk, Trog's Hand


You were on level 2 of the Dungeon.
You worshipped Trog.
Trog was pleased with you.
You visited 1 branch of the dungeon, and saw 2 of its levels.

You collected 76 gold pieces.

Inventory:

Hand Weapons
 a - a +0 hand axe (weapon)
 d - a +0 spear
Missiles
 e - 47 stones
Armour
 b - a +0 animal skin (worn)
Scrolls
 c - 2 scrolls of teleportation {unknown}
 f - 2 scrolls of identify {unknown}
Potions
 g - a potion of lignification {unknown}
 h - a potion of invisibility {unknown}
 i - a potion of degeneration {unknown}


   Skills:
 + Level 4.2 Fighting
 * Level 4.8 Axes
 + Level 3.2 Armour
 - Level 2.1 Dodging


You had 2 spell levels left.
You didn't know any spells.
Your spell library was empty.

Dungeon Overview and Level Annotations

Branches:
Dungeon (2/15)

Altars:

Annotations:
D:2 Robin


Innate Abilities, Weirdness & Mutations

You reflexively headbutt those who attack you in melee.
You have a pair of horns on your head.


Message History

You kill the goblin!
Trog accepts your kill.
You closely miss the goblin. You closely miss the hobgoblin.
You closely miss the goblin. The hobgoblin closely misses you.
The goblin hits you but does no damage.
A goblin comes into view. It is wielding a +0 dagger.
The goblin hits you.
* * * LOW HITPOINT WARNING * * *
Cleave: a) +0 hand axe
Press: ? - help, Dir - move target, f - hobgoblin
Aim: a hobgoblin (strong)
The goblin shouts!
You hit the hobgoblin.
The hobgoblin is severely wounded.
You hit the goblin.
You kill the goblin!
Trog accepts your kill.
You closely miss the goblin. x2; The goblin closely misses you.
The hobgoblin hits you!
You die...

................##
........#.........
........#.........
..........).......
.......†....g.....
..........).......
.......)..g####...
......gg#'#### .
......g@)....#
........)....# .
.............##..
.........>.......
..######.....##..
.. #.....# #.....#
#.....# #.....#


You could see Robin, a hobgoblin (strong) and 3 goblins.

Vanquished Creatures
  An adder (D:2)
  A worm (D:2)
  A leopard gecko (D:1)
  A giant cockroach (D:1)
  13 goblins
  4 hobgoblins
  5 jackals
  4 bats
  2 frilled lizards (D:1)
  5 kobolds
  A rat (D:1)
38 creatures vanquished.

Vanquished Creatures (others)
  A plant (D:1)
1 creature vanquished.

Grand Total: 39 creatures vanquished

Notes
Turn   | Place    | Note
-------+----------+-------------------------------------------
     0 | D:1      | Bruh the Minotaur Berserker began the quest for the Orb.
     0 | D:1      | Reached XP level 1. HP: 19/19 MP: 0/0
   673 | D:1      | Reached XP level 2. HP: 27/27 MP: 1/1
  1663 | D:2      | Reached XP level 3. HP: 32/33 MP: 2/2
  1694 | D:2      | Reached ** piety under Trog
  2051 | D:2      | Noticed Robin
  2064 | D:2      | Slain by a hobgoblin

Illustrated notes

Levels and vault maps discovered:
D:1:      lightli_arrival_lavapool, layout_rooms, serial_bayou_lagoon_b
D:2:      layout_basic, chequers_ecumenical_altar_simple, minmay_tiny_reverse_x,
          uniq_robin

Skill      XL: |  1  2 |
---------------+-------+-----
Axes           | 4 |  4.8
Fighting       | 4 |  4.2
Armour         | 3 |  3.2
Dodging        | |  2.1

Action                   || total
-------------------------++-------
Melee: Hand axe          ||    71
       Headbutt          ||    11
Armor: Animal skin       ||    19
Dodge: Dodged            ||    56
